AoeStats
← El que te Lo Mete

Arena

510284945Analyzed
1v1 RM · 9h ago on Sep 30, 2026· 56m 1s· 2 players
Game mode
Random Map
Map size
Tiny (2 player)
Population
200
Speed
Normal
Resources
Standard
Victory
Conquest
Starting age
Dark Age
Ending age
Imperial Age
RankedLock teamsTeams togetherTeam positionsShared explorationLock speedFull tech treeHidden civsTurbo modeCheats
Victory
Defeat
🇺🇸 Inca · United States
621
+15
🇦🇹 Britons · Austria
599
-15
fsiskakis
3:19 Loom
11:55 Feudal Age
13:14 Wheelbarrow
12:25 Horse Collar
12:34 Double-Bit Axe
21:48 Castle Age
20:02 Stone Mining
20:03 Town Watch
20:26 Arson
20:39 Fletching
21:21 Forging
22:53 Gold Mining
23:18 Squires
24:11 Gold Shaft Mining
24:49 Bow Saw
24:46 Heavy Plow
25:51 Hand Cart
25:36 Man-at-Arms
26:18 Guard Tower
26:44 Crossbowman
27:52 Ballistics
27:35 Scale Mail Armor
29:16 Long Swordsman
29:42 Gambesons
29:18 Pikeman
29:55 Murder Holes
30:17 Treadmill Crane
34:01 Imperial Age
33:05 Fortified Wall
33:34 Iron Casting
32:54 Bodkin Arrow
35:53 Keep
34:42 Two-Handed Swordsman
36:00 Town Patrol
38:16 Chemistry
39:06 Two-Man Saw
39:19 Blast Furnace
39:38 Chain Mail Armor
39:24 Padded Archer Armor
39:45 Arrowslits
40:11 Masonry
40:25 Conscription
40:43 Arbalester
41:46 Yeomen
41:15 Cavalier
42:52 Hoardings
42:18 Warwolf
44:32 Architecture
44:32 Light Cavalry
51:57 Siege Engineers
52:27 Husbandry
54:33 Elite Longbowman
El que te Lo Mete
2:55 Loom
14:09 Feudal Age
15:24 Wheelbarrow
19:58 Castle Age
19:07 Horse Collar
20:02 Forging
20:42 Heavy Plow
21:54 Scale Mail Armor
24:17 Double-Bit Axe
27:29 Champi Runner
29:21 Champi Warrior
30:03 Squires
30:43 Iron Casting
30:44 Gold Mining
31:39 Bow Saw
33:16 Gold Shaft Mining
34:13 Treadmill Crane
34:48 Masonry
38:18 Imperial Age
35:39 Town Watch
36:49 Chain Mail Armor
36:25 Fletching
38:30 Hand Cart
38:49 Ballistics
39:07 Bodkin Arrow
40:00 Conscription
40:25 Plate Mail Armor
40:56 Blast Furnace
44:27 Crop Rotation
44:30 Fabric Shields
44:54 Elite Champi Warrior
48:03 Capped Ram
51:39 Chemistry
52:48 Siege Engineers
55:19 Arson
Connection lost

Rejoining the realm…

Still unreachable

The connection could not be restored.

Session expired

The server has moved on; the page needs a fresh start.